 Dungeon Crawl Stone Soup version 0.21.1-1-g345015f (webtiles) character file.

786 letownia2 the Chiller (level 7, -7/32 HPs)
             Began as a Vine Stalker Ice Elementalist on Feb 24, 2018.
             Was a Follower of Sif Muna.
             Mangled by an orc
             ... wielding a +0 mace
              (9 damage)
             ... on level 6 of the Dungeon.
             The game lasted 00:13:44 (1982 turns).

letownia2 the Chiller (VSIE)                        Turns: 1982, Time: 00:13:44

Health: -7/32      AC:  3    Str: 10    XL:     7   Next: 86%
Magic:  0/12       EV: 11    Int: 17    God:    Sif Muna [*.....]
Gold:   145        SH:  0    Dex: 15    Spells: 2/12 levels left

rFire    + . .     SeeInvis .   b - +0 flail (holy)
rCold    + . .     Gourm    .   (no shield)
rNeg     + . .     Faith    .   q - +0 leather armour {rN+}
rPois    +         Spirit   +   (no helmet)
rElec    +         Reflect  .   (no cloak)
rCorr    +         Harm     .   (no gloves)
MR       .....                  (no boots)
Stlth    ++........             f - amulet of rage
HPRegen  0.50/turn              (no ring)
MPRegen  0.13/turn              (no ring)

@: resistant, hasted, divine energy, very quick
A: fangs 2, regeneration 1, magic shield, antimagic bite, no potion heal 3, rot
immunity
a: Stop Divine Energy, Renounce Religion, Evoke Berserk Rage


You were on level 6 of the Dungeon.
You worshipped Sif Muna.
Sif Muna was aware of your devotion.
You were near starving.

You visited 2 branches of the dungeon, and saw 8 of its levels.

You collected 145 gold pieces.

Inventory:

Hand Weapons
 a - a +1 mace of crushing
 b - a +0 flail of holy wrath (weapon)
 v - a cursed -2 flail
Armour
 k - a cursed +0 robe
 q - a +0 leather armour of positive energy (worn)
Jewellery
 f - an amulet of rage (around neck)
Wands
 l - a wand of iceblast (9)
 t - a wand of polymorph (10)
Scrolls
 g - 2 scrolls of remove curse {unknown}
 m - 3 scrolls of immolation {unknown}
 n - 2 scrolls of teleportation {unknown}
 o - a scroll of fog {unknown}
 p - 2 scrolls of identify {unknown}
 r - a scroll of enchant weapon {unknown}
 s - 3 scrolls of magic mapping {unknown}
Potions
 e - a potion of experience {unknown}
 h - a potion of resistance
 i - a potion of flight {unknown}
 j - a potion of haste
Books
 u - a book of Frost

   Spells                             Type                      Level
   a - Freeze                         Ice                          1
   b - Throw Frost                    Conjuration/Ice              2
   c - Ozocubu's Armour               Charms/Ice                   3
   d - Throw Icicle                   Conjuration/Ice              4
   e - Summon Ice Beast               Ice/Summoning                4
Comestibles
 c - 5 rations


   Skills:
 - Level 1.5 Dodging
 - Level 2.4 Stealth
 - Level 3.2 Spellcasting
 - Level 1.0 Conjurations
 - Level 2.3 Charms
 - Level 3.6 Summonings
 + Level 7.3 Ice Magic


You had 2 spell levels left.
You knew the following spells:

 Your Spells              Type           Power        Failure   Level  Hunger
a - Freeze                Ice            ####         1%          1    None
f - Throw Frost           Conj/Ice       ###...       6%          2    ##.....
i - Summon Ice Beast      Ice/Summ       ###.....     24%         4    ####...
o - Ozocubu's Armour      Chrm/Ice       ###.....     10%         3    ###....


Dungeon Overview and Level Annotations

Branches:
Dungeon (7/15)             Temple (1/1) D:4

Altars:
Ashenzari
Cheibriados
Hepliaklqana
Makhleb
Sif Muna
Xom

Annotations:
D:3 Ijyb
D:4 Dowan, Duvessa, Grinder, Pikel


Innate Abilities, Weirdness & Mutations

You have extremely sharp teeth.
Your natural rate of healing is unusually fast.
When hurt, damage is shared between your health and your magic reserves.
Your bite disrupts and absorbs the magic of your enemies.
Potions cannot restore your health.
You are immune to rotting.


Message History

Unknown command.
Unknown command.
Unknown command.
The jackal bites you.
* * * LOW HITPOINT WARNING * * *
Unknown command.
Unknown command.
It was a potion of resistance.
You feel protected.
Unknown command.
It was a potion of haste.
You feel yourself speed up. The jackal bites you.
* * * LOW HITPOINT WARNING * * *
The orc hits you with a mace.
* * * LOW HITPOINT WARNING * * *
Unknown command.
Unknown command.
It was a potion of curing.
That felt strangely inert.
The jackal bites you.
* * * LOW HITPOINT WARNING * * *
The orc hits you with a mace!
You die...

####.# ##.#..#
.......
####....#
+........
+(...>..#
#........
####ho..####
#.......
##h.....#
#.....# #h#.##.#
####....##
##h#o# #
.........##
#@o..# #.......#
#.o###
##.......## #..#
#....<....# #..#
#.........#.#
#...
###......##.#
#.###
#.....###.###.#
#..#..........#
....#.####.#####


You could see 4 orcs and 3 jackals.

Vanquished Creatures
  A hungry ghost (D:7)
  2 orc warriors
  A bullfrog (D:7)
  A scorpion (D:3)
  A crimson imp (D:5)
  2 hounds
  2 orc wizards (D:6)
  3 orc priests (D:6)
  2 worker ants
  2 howler monkey skeletons
  An adder (D:2)
  An ooze (D:2)
  A worm (D:2)
  2 dart slugs (D:2)
  2 leopard geckos
  20 orcs
  A giant cockroach (D:2)
  2 goblins (D:3)
  3 hobgoblins
  3 jackals
  4 kobolds
  A ball python (D:3)
  4 bats
  3 frilled lizards
  2 leopard gecko skeletons (D:6)
  2 rats
69 creatures vanquished.

Notes
Turn   | Place    | Note
-------+----------+-------------------------------------------
     0 | D:1      | letownia2 the Vine Stalker Ice Elementalist began the quest for the Orb.
     0 | D:1      | Reached XP level 1. HP: 9/9 MP: 4/4
   156 | D:4      | Found a staircase to the Ecumenical Temple.
   166 | Temple   | Entered the Ecumenical Temple
   185 | Temple   | Became a worshipper of Sif Muna the Loreminder
   225 | D:4      | Noticed an orc wizard
   260 | D:4      | Reached XP level 2. HP: 11/13 MP: 0/6
   316 | D:4      | Noticed a slave
   421 | D:4      | Noticed Grinder
   421 | D:4      | Noticed Dowan
   422 | D:4      | Noticed Duvessa
   584 | D:4      | Noticed a slave
   584 | D:4      | Noticed a scorpion
   586 | D:4      | Noticed Pikel
   602 | D:3      | Reached skill level 4 in Ice Magic
   738 | D:3      | Noticed Ijyb
   772 | D:2      | Found a hazy altar of Hepliaklqana.
   773 | D:2      | Found a shimmering altar of Xom.
   773 | D:2      | Noticed a thorn hunter
   774 | D:2      | Noticed a thorn hunter
   774 | D:2      | Noticed a spectral ugly thing
   884 | D:2      | Reached XP level 3. HP: 13/16 MP: 5/7
   889 | D:2      | Learned a level 3 spell: Ozocubu's Armour
   892 | D:2      | Found a snail-covered altar of Cheibriados.
  1213 | D:3      | Gained mutation: Your natural rate of healing is unusually fast. [Vine Stalker growth]
  1213 | D:3      | Reached XP level 4. HP: 17/21 MP: 3/8
  1226 | D:3      | Reached skill level 5 in Ice Magic
  1230 | D:3      | Reached XP level 5. HP: 24/24 MP: 9/9
  1320 | D:5      | Entered Level 5 of the Dungeon
  1345 | D:5      | Reached skill level 6 in Ice Magic
  1427 | D:5      | Reached * piety under Sif Muna
  1427 | D:5      | Reached skill level 1 in Charms
  1486 | D:5      | Reached XP level 6. HP: 27/28 MP: 7/10
  1525 | D:5      | Found a shattered altar of Ashenzari.
  1567 | D:5      | Noticed an orc warrior
  1580 | D:5      | Killed an orc warrior
  1597 | D:5      | Learned a level 2 spell: Throw Frost
  1639 | D:6      | Noticed an ice beast
  1698 | D:6      | Reached XP level 7. HP: 32/32 MP: 5/12
  1728 | D:6      | Reached skill level 7 in Ice Magic
  1741 | D:6      | Learned a level 4 spell: Summon Ice Beast
  1885 | D:6      | Noticed a two-headed ogre
  1909 | D:7      | Noticed a hungry ghost
  1922 | D:7      | Killed a hungry ghost
  1982 | D:6      | Mangled by an orc

Skill      XL: |  1  2  3  4  5  6  7 |
---------------+----------------------+-----
Ice Magic      | 4 5 6 7 |  7.3
Charms         | 1 2 |  2.3
Spellcasting   | 3 |  3.2
Summonings     | 3 |  3.6
Dodging        | |  1.5
Stealth        | |  2.4
Conjurations   | |  1.0

Action                   |  1- 3 |  4- 6 |  7- 9 || total
-------------------------+-------+-------+-------++-------
Melee: Unarmed           |     5 |       |       ||     5
       Flail             |    23 |    67 |    44 ||   134
       Bite              |     6 |    17 |    10 ||    33
 Cast: Freeze            |    38 |    19 |     9 ||    66
       Ozocubu's Armour  |     2 |     2 |     3 ||     7
       Summon Ice Beast  |       |       |     1 ||     1
Invok: Divine Energy     |       |     1 |       ||     1
 Abil: Evoke Berserk Rag |     2 |     3 |     1 ||     6
  Use: Potion            |       |       |     3 ||     3
 Stab: Sleeping          |     2 |       |       ||     2
       Distracted        |       |       |     1 ||     1
  Eat: Chunk             |     4 |     5 |     3 ||    12
Armor: Robe              |     1 |       |       ||     1
       Leather armour    |    17 |    26 |    31 ||    74
Dodge: Dodged            |    40 |    64 |    31 ||   135
